AoeStats
← lamlam32

Arabia

510937639Analyzed
1v1 RM · 9h ago on Oct 3, 2026· 38m 27s· 2 players
Game mode
Random Map
Map size
Tiny (2 player)
Population
200
Speed
Normal
Resources
Standard
Victory
Conquest
Starting age
Dark Age
Ending age
Imperial Age
RankedLock teamsTeams togetherTeam positionsShared explorationLock speedFull tech treeHidden civsTurbo modeCheats
Victory
Defeat
🇭🇰 Magyars · Hong Kong SAR China
1417
+17
🇹🇼 Vikings · Taiwan
1428
-17
lamlam32
5:53 Loom
8:42 Feudal Age
9:35 Double-Bit Axe
21:22 Castle Age
19:42 Fletching
19:43 Horse Collar
20:16 Gold Mining
21:51 Padded Archer Armor
21:23 Crossbowman
22:08 Bodkin Arrow
23:57 Ballistics
24:05 Padded Archer Armor
26:44 Leather Archer Armor
31:05 Stone Mining
36:29 Imperial Age
37:13 Bracer
40:07 Chemistry
CYTR.波力士上帝
6:28 Loom
6:32 Loom
8:51 Feudal Age
15:12 Fletching
17:24 Double-Bit Axe
19:21 Town Watch
22:33 Castle Age
21:04 Padded Archer Armor
21:03 Horse Collar
22:10 Scale Mail Armor
22:37 Forging
23:27 Bow Saw
22:51 Crossbowman
24:31 Bodkin Arrow
Connection lost

Rejoining the realm…

Still unreachable

The connection could not be restored.

Session expired

The server has moved on; the page needs a fresh start.